Map: Goldenaura LE

Players

A.I. 1 (Very Easy) - Winner!

  • Race: Terran Terran
  • Spawn Location: 5:00

Sigil

  • Race: Zerg Zerg
  • League: Master
  • Spawn Location: 12:00

VOD

Have the link to the VOD?

Description

Time

  • Played on: Nov. 6, 2023, 12:23 a.m.
  • Length: 8:42
Show
View Real Time Build Order
Export as new Build Order

A.I. 1 (Very Easy) Terran - Winner!

Build Orders:  

Get SALT Encoding   

  12  0:00  SCV  
  13  0:13  SCV  
  14  0:18  Supply Depot  
  14  0:37  Refinery  
  14  0:42  Barracks  
  14  1:05  Supply Depot  
  14  1:13  Refinery  
  14  1:29  Marine  
  14  1:31  Orbital Command  
  15  1:57  SCV  
  16  2:09  SCV  
  16  2:14  Marine  
  18  2:21  SCV  
  19  2:33  Barracks Tech Lab, SCV  
  20  2:45  SCV  
  21  2:57  SCV  
  22  3:01  Marauder  
  24  4:15  SCV  
  24  6:38  Marine, SCV  
  26  6:40  Supply Depot  
  26  6:43  Factory  
  26  6:44  Command Center  
  25  6:50  SCV  
  26  7:02  SCV  
  26  7:04  Supply Depot  
  26  7:13  Marine  
  26  7:14  SCV  
  25  7:31  Starport  
  25  7:47  Marine  
  26  7:58  SCV  
  27  8:04  Refinery  
  27  8:05  SCV  
  28  8:08  Starport Tech Lab, Refinery  
  28  8:12  SCV  
  29  8:19  SCV  
  30  8:21  Marine  
  30  8:26  SCV  
Show
View Real Time Build Order
Export as new Build Order

Sigil Zerg 

Build Orders: Hatch First 

Get SALT Encoding   

  12  0:00  Drone  
  13  0:12  Overlord  
  13  0:22  Drone  
  14  0:30  Drone  
  14  0:32  Drone  
  16  0:50  Hatchery  
  16  0:54  Drone  
  16  0:58  Drone  
  16  1:01  Drone  
  18  1:12  Extractor  
  18  1:17  Spawning Pool  
  16  1:20  Drone  
  16  1:23  Drone  
  18  1:28  Drone  
  19  1:38  Drone  
  20  1:49  Drone  
  21  2:04  Queen x2  
  21  2:05  Zergling x4  
  27  2:16  Hatchery  
  27  2:21  Overlord  
  26  2:25  Drone  
  26  2:26  Drone  
  28  2:39  Drone x3  
  28  2:43  Metabolic Boost  
  31  2:45  Overlord  
  31  2:52  Queen  
  31  2:54  Drone  
  34  2:59  Drone  
  34  3:00  Drone  
  34  3:05  Overlord  
  36  3:13  Drone x2  
  36  3:15  Drone x2  
  36  3:18  Queen  
  42  3:20  Drone  
  42  3:25  Drone  
  44  3:27  Drone  
  44  3:28  Drone  
  44  3:33  Queen  
  48  3:38  Overlord  
  48  3:44  Zergling x6  
  48  3:45  Zergling x4  
  53  3:51  Overlord  
  53  3:52  Queen  
  55  3:57  Drone  
  55  3:58  Drone x2  
  58  4:04  Drone  
  58  4:05  Drone x3  
  58  4:06  Drone  
  58  4:08  Drone  
  64  4:11  Drone  
  65  4:21  Drone  
  65  4:22  Drone x5  
  71  4:25  Overlord x2  
  71  4:36  Drone x2  
  73  4:39  Overlord  
  73  4:40  Overlord  
  73  4:41  Lair  
  73  4:43  Extractor  
  72  4:46  Drone  
  72  4:47  Drone x2  
  72  4:49  Overlord  
  72  4:52  Drone x3  
  78  4:53  Drone x4  
  82  5:04  Hatchery  
  82  5:06  Extractor, Drone x2  
  82  5:07  Extractor  
  82  5:09  Drone x2  
  82  5:10  Extractor  
  82  5:13  Drone x2  
  84  5:14  Evolution Chamber  
  84  5:16  Drone, Evolution Chamber  
  84  5:18  Baneling Nest  
  82  5:30  Hatchery  
  82  5:31  Drone x3, Hatchery  
  82  5:33  Drone x2  
  85  5:45  Overseer  
  85  5:52  Zerg Melee Weapons Level 1, Zerg Ground Armor Level 1  
  85  5:53  Drone x2  
  87  5:58  Overlord  
  87  5:59  Overlord x2  
  87  6:00  Hydralisk Den  
  86  6:05  Drone  
  86  6:11  Hatchery  
  85  6:19  Drone, Centrifugal Hooks  
  85  6:21  Zergling x26  
  85  6:25  Overlord  
  99  6:29  Hydralisk, Grooved Spines  
  99  6:30  Hydralisk x3  
  99  6:32  Hydralisk  
  107  6:33  Hydralisk  
  107  6:35  Hydralisk  
  113  6:55  Hydralisk x6  
  113  6:56  Baneling  
  113  6:57  Baneling x6  
  113  6:59  Zergling x16  
  133  7:23  Hydralisk x2, Muscular Augments  
  133  7:24  Hydralisk x2  
  133  7:26  Zergling x34  
  133  7:27  Zergling x2  
  133  7:28  Overlord  
  159  7:30  Overlord  
  159  7:44  Overlord x3  
  159  7:49  Zergling x12  
  165  7:52  Baneling  
  165  7:53  Baneling x3  
  165  7:54  Baneling  
  165  7:55  Baneling  
  165  7:57  Overlord x2  
  165  8:11  Zergling x30  
  180  8:13  Baneling x3  
  180  8:14  Baneling x4  
  180  8:15  Baneling  
  180  8:16  Baneling x3  
  180  8:20  Zergling x8  
  180  8:22  Zergling x4  
  180  8:24  Baneling x4  
  180  8:25  Baneling  
  186  8:27  Baneling  
Tags
 
League
Master
Matchup
TvZ
Spawn Locations
Cross Positions
Add a new tag
Caveats
  • Supply blocks, unpowered buildings, or Contaminate may cause inaccurate times.
  • Supply counts are checked every 10 seconds.